 Dungeon Crawl Stone Soup version 0.31-a0-971-g75a2e9a4b4 (webtiles) character file.

Game seed: 3963465234284161245

5750 timneilson the Blocker (level 10, 0/91 HPs)
             Began as a Gargoyle Fighter on Oct 28, 2023.
             Was a Follower of Qazlal.
             Slain by a gargoyle
             ... wielding a +0 dire flail of holy wrath
              (10 damage)
             ... on level 8 of the Dungeon.
             The game lasted 00:31:39 (7920 turns).

timneilson the Blocker (Gargoyle Fighter)           Turns: 7920, Time: 00:31:39

Health: 0/91       AC: 25    Str: 19    XL:     10   Next: 77%
Magic:  0/12       EV:  2    Int: 10    God:    Qazlal [*.....]
Gold:   637        SH:  8    Dex: 13    Spells: 9/9 levels left

rFire   . . .        a - +1 long sword (venom)
rCold   + . .        c - +0 buckler
rNeg    + + .        h - melded +0 plate armour
rPois   ∞            r - melded +0 helmet
rElec   .            n - melded +1 cloak
rCorr   .            (gloves currently unavailable)
SInv    .            (boots currently unavailable)
Will    .....        p - amulet of guardian spirit
Stlth   +            g - ring of positive energy
HPRegen 0.35/turn    s - ring of protection from cold
MPRegen 0.13/turn

%: guardian spirit
@: tree-form
A: stationary, stasis, torment immunity, boosted hp, sickness immunity, AC +7,
negative energy resistance 1, (electricity resistance), torment resistance 1,
petrification resistance
a: Renounce Religion


You were on level 8 of the Dungeon.
You worshipped Qazlal.
Qazlal was aware of your devotion.
You were a tree.
You visited 2 branches of the dungeon, and saw 9 of its levels.

You collected 637 gold pieces.

Inventory:

Hand Weapons
 a - a +1 long sword of venom (weapon)
Armour
 c - a +0 buckler (worn)
 h - a +0 plate armour (melded)
 n - a +1 cloak (melded)
 r - a +0 helmet (melded)
Jewellery
 g - a ring of positive energy (left branch)
 m - a ring of flight
 p - an amulet of guardian spirit (around neck)
 s - a ring of protection from cold (right branch)
Wands
 d - a wand of polymorph (2)
 j - a wand of charming (8)
 y - a wand of iceblast (7)
Scrolls
 e - a scroll of revelation
 f - a scroll of teleportation
 i - 3 scrolls of vulnerability
 q - a scroll of enchant weapon
 u - a scroll of enchant armour
 v - a scroll of immolation
 x - a scroll of identify
 A - a scroll of brand weapon
Potions
 b - 3 potions of lignification
 k - a potion of attraction
 o - 2 potions of brilliance
 w - a potion of mutation


   Skills:
 + Level 6.6 Fighting
 * Level 6.8 Long Blades
 * Level 8.7 Armour
 + Level 4.0 Dodging
 * Level 8.8 Shields
 + Level 3.6 Invocations
 + Level 4.1 Evocations


You had 9 spell levels left.
You didn't know any spells.
Your spell library contained the following spells:

 Spells                   Type           Power      Damage    Failure   Level
 Apportation              Tloc           0%         N/A       41%         1
 Ensorcelled Hibernation  Hex/Ice        0%         N/A       56%         2
 Jinxbite                 Hex            0%         N/A       56%         2
 Lesser Beckoning         Tloc           0%         N/A       56%         2
 Passwall                 Tmut/Erth      0%         N/A       56%         2
 Gell's Gravitas          Tloc           0%         N/A       80%         3
 Swiftness                Air            0%         N/A       80%         3
 Teleport Other           Tloc           0%         N/A       80%         3
 Dispel Undead            Necr           0%         3d6       99%         4
 Alistair's Intoxication  Tmut/Pois      0%         N/A       100%        5
 Death Channel            Necr           0%         N/A       100%        6
 Dispersal                Tloc           0%         N/A       100%        6
 Chain Lightning          Conj/Air       0%         N/A       100%        9
 Fire Storm               Conj/Fire      0%         5d1       100%        9
 Shatter                  Erth           0%         3d5*      100%        9
 Cigotuvi's Dreadful Rot  Necr/Pois/Air  Unusable   N/A       N/A         2

Dungeon Overview and Level Annotations

Branches:
Dungeon (8/15)             Temple (1/1) D:6            Lair (0/5) D:8

Altars:
Ashenzari
Dithmenos
Elyvilon
Gozag
Hepliaklqana
Kikubaaqudgha
Makhleb
Nemelex Xobeh
Okawaru
Qazlal
Ru
Sif Muna
Trog
Uskayaw
Vehumet
Wu Jian
Xom
Yredelemnul
Zin
The Shining One

Shops:
D:1 :   D:2 (   D:6 ?(*=

Annotations:
D:5 1 runed translucent door
D:6 3 runed translucent doors, gebbletook2's ghost, novice OpSh


Innate Abilities, Weirdness & Mutations

You are a tree.
Your roots penetrate the ground, keeping you stationary.
You cannot be teleported.
You are immune to unholy pain and torment.
Your maximum health is greatly increased.
Your equipment is partially melded.
You are immune to sickness and miasma.
((Your stone body is resilient. (AC +7)))
You are immune to poison.
You resist negative energy. (rN+)
((You are resistant to electric shocks. (rElec)))
You are resistant to unholy torment.
You are immune to petrification.


Message History

The gargoyle hits you but does no damage.
You hit the gargoyle but do no damage.
The gargoyle is severely damaged.
The gargoyle hits you with a +0 dire flail of holy wrath.
* * * LOW HITPOINT WARNING * * *
You hit the gargoyle but do no damage.
The gargoyle is severely damaged.
The gargoyle hits you with a +0 dire flail of holy wrath.
* * * LOW HITPOINT WARNING * * *
You barely miss the gargoyle.
The gargoyle is severely damaged.
You block the gargoyle's attack.
You closely miss the gargoyle.
The gargoyle is severely damaged.
The gargoyle hits you but does no damage.
You hit the gargoyle but do no damage.
The gargoyle is severely damaged.
The gargoyle hurls a stone arrow at you.
The stone arrow hits you!
* * * LOW HITPOINT WARNING * * *
The gargoyle closely misses you.
You turn into a tree.
Your +1 cloak melds into your body.
Your +0 helmet melds into your body.
Your +0 plate armour melds into your body.
Your roots penetrate the ground.
The gargoyle hits you but does no damage.
You hit the gargoyle but do no damage.
The gargoyle is severely damaged.
The gargoyle hits you but does no damage.
You completely miss the gargoyle.
The gargoyle is severely damaged.
The gargoyle hits you but does no damage.
You hit the gargoyle.
The gargoyle is severely damaged.
The gargoyle hits you with a +0 dire flail of holy wrath.
* * * LOW HITPOINT WARNING * * *
You hit the gargoyle but do no damage.
The gargoyle is heavily damaged.
The gargoyle hits you with a +0 dire flail of holy wrath!
You die...

#.##..#####.#####
#######.#.....#........
#......)#.....#.#)#####
#.#######..####.#)#....
#.# #.......#[#.### #.#
#.#######)#.#.. #.#
#.........#.#..
##.#################.##.
#......♣9...............
##########....#####.####
..# #.# # #.# #.# #.####
#..... #..... #.....


You could see a gargoyle.

Vanquished Creatures
  3 death yaks (D:8)
  Pikel (D:4)
  A hornet (D:7)
  A wraith (D:7)
  4 yaks (D:8)
  Menkaure (D:4)
  An ice beast (D:7)
  3 black bears
  2 sky beasts (D:7)
  3 orc warriors
  2 ogres (D:4)
  3 centaurs
  3 phantoms
  2 scorpions (D:6)
  A bullfrog (D:8)
  3 wights (D:8)
  A howler monkey (D:6)
  2 hounds
  5 orc priests
  A jelly (D:7)
  Terence (D:3)
  4 iguanas
  7 orc wizards
  Robin (D:4)
  7 adders
  A shadow imp (D:7)
  2 dart slugs
  34 orcs
  10 ball pythons
  6 endoplasms
  3 giant cockroaches
  8 goblins
  9 hobgoblins
  10 jackals
  2 quokkas
  3 bats (D:1)
  2 frilled lizards
  12 kobolds
  6 rats
171 creatures vanquished.

Vanquished Creatures (others)
  An orc wizard (D:8)
1 creature vanquished.

Grand Total: 172 creatures vanquished

Notes
Turn   | Place    | Note
-------+----------+-------------------------------------------
     0 | D:1      | timneilson the Gargoyle Fighter began the quest for the
                  | Orb.
     0 | D:1      | Reached XP level 1. HP: 14/14 MP: 1/1
   115 | D:1      | Reached XP level 2. HP: 19/19 MP: 2/2
   238 | D:1      | Found a faded altar of an unknown god.
   382 | D:1      | Found Ecymn's Vocational Training.
   927 | D:2      | Reached XP level 3. HP: 23/23 MP: 3/3
  1460 | D:2      | Found Iquucwao's Weapon Boutique.
  1817 | D:3      | Reached XP level 4. HP: 27/28 MP: 4/4
  1919 | D:3      | Found a broken altar of Ashenzari.
  2088 | D:3      | Noticed a phantom
  2100 | D:3      | Killed a phantom
  2101 | D:3      | Reached skill level 1 in Dodging
  2101 | D:3      | Reached XP level 5. HP: 28/33 MP: 5/5
  2442 | D:3      | Noticed Terence
  2450 | D:3      | Killed Terence
  2774 | D:4      | Reached XP level 6. HP: 36/38 MP: 6/6
  3102 | D:4      | Reached skill level 5 in Shields
  3102 | D:4      | Reached skill level 1 in Evocations
  3241 | D:4      | Noticed Pikel
  3254 | D:4      | Killed Pikel
  3255 | D:4      | Reached skill level 5 in Armour
  3255 | D:4      | Reached XP level 7. HP: 31/44 MP: 4/7
  3358 | D:4      | Reached XP level 8. HP: 46/48 MP: 8/8
  3432 | D:4      | Noticed Robin
  3484 | D:4      | Noticed Menkaure
  3490 | D:4      | Killed Menkaure
  3548 | D:4      | Identified the +5 dagger of the Madman {pain, rPois rF++
                  | Str+4 Int-2}
  3563 | D:4      | Killed Robin
  3809 | D:5      | Entered Level 5 of the Dungeon
  3809 | D:5      | Found an iron altar of Okawaru.
  3872 | D:4      | Reached skill level 5 in Fighting
  4161 | D:5      | Found an ancient bone altar of Kikubaaqudgha.
  4163 | D:5      | Found a bloodstained altar of Trog.
  4179 | D:5      | Found a runed translucent door.
  4183 | D:5      | Found a basalt altar of Yredelemnul.
  4643 | D:5      | Identified the +4 ring mail of Wisdom {rC+}
  4867 | D:6      | Found a hazy altar of Hepliaklqana.
  4934 | D:6      | Found a runed translucent gate.
  4934 | D:6      | Found a runed translucent gate.
  4936 | D:6      | Found a runed translucent gate.
  4937 | D:6      | Noticed gebbletook2's ghost (novice OpSh)
  5057 | D:6      | Found Neriemoe's Weapon Shop.
  5077 | D:6      | Reached skill level 5 in Long Blades
  5098 | D:6      | Found a staircase to the Ecumenical Temple.
  5107 | Temple   | Entered the Ecumenical Temple
  5118 | Temple   | Became a worshipper of Qazlal Stormbringer
  5167 | D:6      | Reached XP level 9. HP: 50/54 MP: 9/9
  5198 | D:6      | Found Tulairy's General Store.
  5273 | D:6      | Found Coxu's Jewellery Shop.
  5458 | D:6      | Reached skill level 1 in Invocations
  5539 | D:6      | Found Bielamerch's Magic Scroll Emporium.
  6100 | D:7      | Noticed a hornet
  6111 | D:7      | Killed a hornet
  6961 | D:8      | Reached * piety under Qazlal
  7116 | D:8      | Noticed a death yak
  7116 | D:8      | Noticed a death yak
  7140 | D:8      | Killed a death yak
  7141 | D:8      | Reached XP level 10. HP: 31/60 MP: 5/12
  7148 | D:8      | Killed a death yak
  7150 | D:8      | Noticed a death yak
  7169 | D:8      | Killed a death yak
  7307 | D:8      | Found a staircase to the Lair.
  7887 | D:8      | Noticed a gargoyle
  7920 | D:8      | Slain by a gargoyle

Illustrated notes

Levels and vault maps discovered:
D:1:      lemuel_arrival_river_bridge, layout_basic,
          shapermc_ecumenical_altar_ellora, nicolae_shop_vocational
D:2:      layout_loops_corners, serial_shops, nicolae_shop_getting_attention
D:3:      layout_loops_corners, evilmike_ruin_ashenzari, uniq_terence
D:4:      layout_basic, dreamdust_wishing_well, dreamdust_princess_corridor,
          minmay_mini_jars, uniq_pikel, uniq_robin, uniq_menkaure
D:5:      layout_basic, okawaru_gym_becter,
          chequers_temple_overflow_statue_of_worship, dk_yredelemnul_ordeal,
          hangedman_abyss_or_decor_lesser_grid
D:6:      layout_layer_cave, nicolae_hepliaklqana_hazy_memory,
          minmay_temple_entry_tees, serial_shops, shop, nicolae_shop_peninsula,
          shop, nicolae_take_the_stairs, ebering_ghost_rock_garden
D:7:      layout_cave_pods, minmay_stone_trees_medium,
          nicolae_elevator_lobby_asterisk
D:8:      layout_basic, dpeg_lair_monsters
Temple:   eino_temple_water

Skill      XL: |  1  2  3  4  5  6  7  8  9 10 |
---------------+-------------------------------+-----
Long Blades    | 2 4 5 6 |  6.8
Armour         | 4 5 6 7 8 |  8.7
Shields        | 4 5 6 8 |  8.8
Dodging        | 1 2 3 4 |  4.0
Fighting       | 4 5 6 |  6.6
Evocations     | 1 2 3 4 |  4.1
Invocations    | 2 3 |  3.6

Action                     |  1- 3 |  4- 6 |  7- 9 | 10-12 || total
---------------------------+-------+-------+-------+-------++-------
  Melee: Long sword        |    96 |   130 |   361 |   135 ||   722
    Use: Scroll            |     6 |     2 |     9 |       ||    17
         Potion            |       |     1 |     1 |     6 ||     8
 Armour: Scale mail        |    65 |    85 |    69 |       ||   219
         Skin              |       |     4 |       |     5 ||     9
         Chain mail        |       |       |   176 |    77 ||   253
         Plate armour      |       |       |       |    16 ||    16
  Dodge: Dodged            |    42 |    42 |   131 |    34 ||   249
  Block: Buckler           |    25 |    22 |    97 |    40 ||   184

Table legend: (Time is in decaauts)
 A = Elapsed time spent in this place.
 B = Non-inter-level travel time spent in this place.
 C = Inter-level travel time spent in this place.
 D = Time resting spent in this place.
 E = Time spent auto-exploring this place.
 F = Levels seen in this place.
 G = Mean time per level.
                   A        B        C        D        E       F      G
               +--------+--------+--------+--------+--------+-----+--------+
         Total |   8100 |   7883 |    217 |    231 |   5419 |   9 |  900.0 |
       Dungeon |   8077 |   7870 |    207 |    231 |   5419 |   8 | 1009.6 |
        Temple |     22 |     12 |     10 |      0 |      0 |   1 |   22.0 |
               +--------+--------+--------+--------+--------+-----+--------+

Top non-repeatable levels by time:
     D:4: 1406 daAuts
     D:7: 1183 daAuts
     D:6: 1044 daAuts
     D:1: 941 daAuts
     D:3: 931 daAuts
     D:8: 892 daAuts
     D:5: 866 daAuts
     D:2: 810 daAuts
  Temple: 22 daAuts
